 Dungeon Crawl Stone Soup version 0.18.1-8-gdd0e5ea (webtiles) character file.

2373 MirrMurr the Covert (level 9, -1/45 HPs)
             Began as a Spriggan Enchanter on June 7, 2016.
             Was an Initiate of Ashenzari.
             Slain by an elephant (16 damage)
             ... on level 10 of the Dungeon.
             The game lasted 00:36:49 (7538 turns).

MirrMurr the Covert (Spriggan Enchanter)            Turns: 7538, Time: 00:36:50

Health: -1/45      AC:  5    Str:  6    XL:     9   Next: 21%
Magic:  6/18       EV: 22    Int: 17    God:    Ashenzari [......]
Gold:   441        SH:  0    Dex: 17    Spells: 4 memorised, 10 levels left

rFire  . . .     SeeInvis +     D - +4 dagger (curse)
rCold  + . .     Gourm    .     i - +2 robe {rC+}
rNeg   . . .     Faith    .     (shield restricted)
rPois  .         Spirit   .     (helmet restricted)
rElec  .         Dismiss  .     p - +0 cloak
rCorr  .         Reflect  .     (gloves unavailable)
SustAt .         Harm     .     (boots unavailable)
MR     +....                    (no amulet)
Stlth  +++++.....               (no ring)
                                (no ring)

@: very quick, somewhat resistant to hostile enchantments, quite stealthy
A: unfitting armour, see invisible, herbivore 3, speed 3, slow metabolism 2
a: Curse Item, Renounce Religion


You were on level 10 of the Dungeon.
You worshipped Ashenzari.
Ashenzari was noncommittal.
You were very full.

You visited 2 branches of the dungeon, and saw 11 of its levels.

You collected 441 gold pieces.

Inventory:

Hand Weapons
 a - a +1 dagger of electrocution
 r - a +0 long sword
 D - a cursed +4 dagger (weapon)
 G - the cursed +1 rapier of Profit {freeze, *Rage rF+ rN++ Str+4}
   (You found it on level 10 of the Dungeon)

   It has been specially enchanted to freeze those struck by it, causing extra
   injury to most foes and up to half again as much damage against particularly
   susceptible opponents.
   It can also slow down cold-blooded creatures.
   It affects your strength (+4).
   It protects you from fire.
   It greatly protects you from negative energy.
   It may make you go berserk in combat.
   It has a curse placed upon it.
Missiles
 e - 257 stones
 k - 7 poisoned tomahawks (quivered)
Armour
 i - a +2 robe of cold resistance (worn)
 p - a +0 cloak (worn)
Jewellery
 F - an uncursed amulet of magic regeneration
Wands
 b - a wand of iceblast (4/15)
 m - a wand of flame (14/48)
 s - a wand of iceblast (7/15)
 x - a wand of acid (13/15)
 y - a wand of teleportation (4/9)
 A - a wand of lightning (3/15)
Scrolls
 g - 4 scrolls of magic mapping
 j - 2 scrolls of recharging
 l - a scroll of fog
 n - 2 scrolls of teleportation
Potions
 f - a potion of cancellation
 h - 2 potions of agility
 o - 2 potions of flight
 q - a potion of ambrosia
 t - a potion of degeneration {unknown}
 u - a potion of curing {unknown}
 z - a potion of heal wounds {unknown}
 B - a potion of resistance {unknown}
 C - a potion of lignification {unknown}
 E - a potion of brilliance {unknown}
Books
 c - a book of Maledictions

   Spells                             Type                      Level
   a - Corona                         Hexes                        1
   b - Ensorcelled Hibernation        Hexes/Ice                    2
   c - Confuse                        Hexes                        3
   d - Tukima's Dance                 Hexes                        3
   e - Dazzling Spray                 Conjuration/Hexes            3
Comestibles
 d - 11 bread rations
 w - 5 fruits


   Skills:
 + Level 3.8 Fighting
 + Level 4.9 Short Blades
 - Level 7.0 Dodging
 + Level 8.8 Stealth
 + Level 5.9 Spellcasting
 + Level 8.8 Hexes


You had 10 spell levels left.
You knew the following spells:

 Your Spells              Type           Power        Failure   Level  Hunger
a - Ensorcelled Hibernat  Hex/Ice        ###...       3%          2    None
b - Confuse               Hex            #####...     1%          3    ##.....
c - Corona                Hex            #####..      1%          1    None
d - Dazzling Spray        Conj/Hex       ###.....     10%         3    ##.....


Dungeon Overview and Level Annotations

Branches:
Dungeon (11/15)            Temple (1/1) D:7            Lair (0/8) D:10
    Orc: D:9-12

Altars:
Ashenzari
Cheibriados
Dithmenos
Elyvilon
Fedhas
Gozag
Kikubaaqudgha
Nemelex Xobeh
Okawaru
Pakellas
Qazlal
Ru
Sif Muna
Trog
Vehumet
Xom
Yredelemnul
The Shining One

Annotations:
D:3 exclusion: door, Venard's ghost, novice MiFi


Innate Abilities, Weirdness & Mutations

You are tiny and cannot use many weapons and most armour.
You have supernaturally acute eyesight.
You are a herbivore.
You cover ground extremely quickly.
You need consume almost no food.


Message History

You hit the elephant but do no damage.
The elephant is almost dead.
The elephant closely misses you.
The elephant trunk-slaps you but does no damage.
You hit the elephant but do no damage.
The elephant is almost dead.
Casting: Confuse
Confirm with . or Enter, or press ? or * to list all spells.
Aiming: Confuse
Press: ? - help, Shift-Dir - straight line, f/p - elephant
Aim: an elephant (almost dead, chance to defeat MR: 28%)
The elephant easily resists.
The elephant closely misses you. The elephant completely misses you.
You hit the elephant but do no damage.
The elephant is almost dead.
The elephant tramples you!
You stumble backwards!
You completely miss the elephant.
The elephant is almost dead.
The elephant tramples you!
You die...

##.# #.## ... ## #.#
#.# #.. .. #.###.###
#.. .. #.##....###
##.##.
#...###...######.....
##### #.....##...#..
# ####..##.# #.# #.#
.#
####.....###.###.##.#
#.....[.@...........
#.####.#.Y).......##
# #............#
##...........#
#......)....# ..
##........>.### .##
####.............#
..#
#....#####.####...#
#.. #.### #.###
##.###


You could see an elephant.

Vanquished Creatures
  A spriggan (D:7)
  A vampire (D:10)
  2 ice beasts (D:7)
  An orc warrior (D:7)
  2 sky beasts
  A phantom (D:6)
  2 ogres
  4 centaurs
  A crocodile (D:6)
  A big kobold (D:7)
  3 giant frogs
  A scorpion (D:7)
  A wyvern zombie (D:6)
  2 jellies
  3 hounds
  2 orc priests
  A giant frog skeleton (D:7)
  An iron imp (D:4)
  2 worker ants
  A killer bee zombie (D:7)
  A hound skeleton (D:5)
  4 gnolls
  2 worker ant zombies
  5 adders
  2 shadow imps (D:5)
  An ooze (D:6)
  2 adder skeletons
  12 dart slugs
  4 giant geckos
  15 orcs
  2 bats
  2 giant cockroaches (D:3)
  8 goblins
  5 hobgoblins
  4 jackals
  13 kobolds
  3 quokkas
  2 ball pythons
  5 giant newts
  7 rats
132 creatures vanquished.

Notes
Turn   | Place    | Note
--------------------------------------------------------------
     0 | D:1      | MirrMurr the Spriggan Enchanter began the quest for the Orb.
     0 | D:1      | Reached XP level 1. HP: 9/9 MP: 5/5
     7 | D:1      | Reached XP level 2. HP: 13/13 MP: 6/6
   853 | D:2      | Reached XP level 3. HP: 17/17 MP: 6/8
   890 | D:2      | Reached skill level 1 in Fighting
   910 | D:1      | Learned a level 2 spell: Ensorcelled Hibernation
   914 | D:1      | Learned a level 3 spell: Confuse
  2259 | D:3      | Reached XP level 4. HP: 17/22 MP: 9/9
  2344 | D:3      | Learned a level 3 spell: Dazzling Spray
  2360 | D:3      | Reached skill level 5 in Stealth
  2868 | D:3      | Reached skill level 5 in Hexes
  2938 | D:3      | Noticed Venard's ghost (novice MiFi)
  3071 | D:3      | Reached XP level 5. HP: 25/25 MP: 11/11
  3961 | D:4      | Found a white marble altar of Elyvilon.
  4105 | D:4      | Found a snail-covered altar of Cheibriados.
  4345 | D:5      | Entered Level 5 of the Dungeon
  4396 | D:5      | Reached XP level 6. HP: 30/30 MP: 13/13
  4626 | D:5      | Noticed a sky beast
  4628 | D:5      | Killed a sky beast
  4989 | D:6      | Reached XP level 7. HP: 35/35 MP: 14/14
  5080 | D:6      | Reached skill level 5 in Dodging
  5240 | D:6      | Found an ancient bone altar of Kikubaaqudgha.
  5240 | D:6      | Found a shimmering altar of Xom.
  5503 | D:6      | Found an iron altar of Okawaru.
  5649 | D:7      | Reached XP level 8. HP: 23/39 MP: 0/15
  5789 | D:7      | Found a sparkling altar of Nemelex Xobeh.
  5934 | D:7      | Reached skill level 5 in Spellcasting
  6012 | D:7      | Found a staircase to the Ecumenical Temple.
  6025 | Temple   | Entered the Ecumenical Temple
  6189 | Temple   | Became a worshipper of Ashenzari the Shackled
  6934 | D:8      | Reached XP level 9. HP: 30/44 MP: 10/18
  7161 | D:8      | Found a basalt altar of Yredelemnul.
  7174 | D:8      | You fall through a shaft for 2 floors!
  7174 | D:10     | Entered Level 10 of the Dungeon
  7186 | D:10     | Noticed a hill giant
  7239 | D:10     | Found a stormy altar of Qazlal.
  7252 | D:10     | Identified the cursed +1 rapier of Profit {freeze, *Rage rF+ rN++ Str+4}
  7252 | D:10     | Found a staircase to the Lair.
  7252 | D:10     | Noticed an elephant
  7538 | D:10     | Slain by an elephant

Skill      XL: |  1  2  3  4  5  6  7  8  9 |
---------------+----------------------------+-----
Hexes          | 4 5 6 8 |  8.8
Spellcasting   | 3 4 5 |  5.9
Fighting       | 1 2 3 |  3.8
Stealth        | 5 6 8 |  8.8
Short Blades   | 2 4 |  4.9
Dodging        | 4 6 7 |  7.0

Action                   |  1- 3 |  4- 6 |  7- 9 || total
-------------------------+-------+-------+-------++-------
Melee: Dagger            |   136 |   114 |   156 ||   406
 Fire: Blowgun           |       |       |     6 ||     6
Throw: Tomahawk          |     3 |     9 |       ||    12
       Stone             |     3 |       |       ||     3
 Cast: Corona            |    11 |    11 |     1 ||    23
       Ensorcelled Hiber |     2 |     4 |    45 ||    51
       Confuse           |       |    10 |    16 ||    26
Invok: Curse Item        |       |       |     1 ||     1
  Use: Scroll            |     5 |     6 |     2 ||    13
 Stab: Sleeping          |    13 |    20 |    20 ||    53
       Distracted        |     1 |       |     2 ||     3
       Confused          |       |     2 |     7 ||     9
  Eat: Bread ration      |       |     1 |     1 ||     2
       Royal jelly       |       |       |     1 ||     1
Armor: Robe              |    17 |     6 |     9 ||    32
Dodge: Dodged            |    84 |    61 |   135 ||   280
